 Dungeon Crawl Stone Soup version 0.31-a0-931-g7b59d4eb97 (webtiles) character file.

Game seed: 8655804150130791616

77 retardedninja the Firebug (level 4, 0/25 HPs)
             Began as a Gargoyle Fire Elementalist on Oct 19, 2023.
             Slain by Robin
             ... wielding a +5 club
              (5 damage)
             ... on level 2 of the Dungeon.
             The game lasted 00:02:21 (2283 turns).

retardedninja the Firebug (GrFE)                    Turns: 2283, Time: 00:02:22

Health: 0/25       AC:  6    Str: 12    XL:     4   Next: 34%
Magic:  2/7        EV: 12    Int: 17    God:
Gold:   75         SH:  0    Dex: 10    Spells: 5/8 levels left

rFire   . . .        (no weapon)
rCold   . . .        (no shield)
rNeg    + . .        a - +0 robe
rPois   ∞            (no helmet)
rElec   +            (no cloak)
rCorr   .            (no gloves)
SInv    .            f - +0 pair of boots
Will    .....        (no amulet)
Stlth   ++           (no ring)
HPRegen 0.24/turn    (no ring)
MPRegen 0.10/turn

%: no passive effects
@: attractive
A: sickness immunity, AC +3, negative energy resistance 1, electricity
resistance, torment resistance 1, petrification resistance
a: no special abilities


You were on level 2 of the Dungeon.
You visited 1 branch of the dungeon, and saw 2 of its levels.

You collected 75 gold pieces.

Inventory:

Armour
 a - a +0 robe (worn)
 f - a +0 pair of boots (worn)
Scrolls
 c - a scroll of vulnerability {unknown}
 d - a scroll of amnesia {unknown}
 e - 2 scrolls of identify {unknown}
Potions
 b - a potion of magic


   Skills:
 + Level 1.6 Fighting
 - Level 1.6 Dodging
 - Level 2.2 Stealth
 + Level 2.5 Spellcasting
 + Level 2.0 Conjurations
 + Level 3.4 Fire Magic
 + Level 1.1 Air Magic


You had 5 spell levels left.
You knew the following spells:

 Your Spells              Type           Power      Damage    Failure   Level
a - Foxfire               Conj/Fire      44%        2x1d6     6%          1
b - Scorch                Fire           26%        2d6       7%          2

Your spell library contained the following spells:

 Spells                   Type           Power      Damage    Failure   Level
 Inner Flame              Hex/Fire       8%         N/A       26%         3
 Volatile Blastmotes      Fire/Tloc      16%        2d11      26%         3
 Dazzling Flash           Conj/Hex       10%        N/A       34%         3
 Flame Wave               Conj/Fire      11%        2d6       52%         4
 Summon Forest            Summ/Tloc      1%         N/A       99%         5
 Eringya's Noxious Bog    Tmut/Pois      1%         4d6       100%        6
 Starburst                Conj/Fire      5%         6d4       100%        6
 Summon Hydra             Summ           1%         N/A       100%        7
 Maxwell's Capacitive Co  Air            2%         ∞         100%        8


Dungeon Overview and Level Annotations

Branches:
Dungeon (2/15)

Altars:

Annotations:
D:2 Robin


Innate Abilities, Weirdness & Mutations

You are immune to sickness and miasma.
Your stone body is resilient. (AC +3)
You are immune to poison.
You resist negative energy. (rN+)
You are resistant to electric shocks. (rElec)
You are resistant to unholy torment.
You are immune to petrification.


Message History

Unknown command.
A rat is nearby!
You are out of magic!
Your foxfire dissipates! x2
You are out of magic!
A goblin comes into view. It is wielding a +0 war axe.
Things that are here:
a +0 club; a +0 dagger; a goblin corpse You see here a +0 dagger.
Found a stone staircase leading down.
The goblin shouts!
You see here a +0 dagger.
Robin roars a battlecry!
The goblin goes into a battle-frenzy!
The goblin hits you but does no damage.
You hit the goblin but do no damage. Robin throws the goblin at you!
The goblin barely misses you. Robin hits you with a +5 club.
The goblin attacks as it pursues you! The goblin closely misses you.
An endoplasm comes into view.
You see here a potion of magic.
You closely miss Robin. Robin hits you with a +5 club.
The goblin hits you with a +0 war axe!
You hit the goblin.
The goblin is moderately wounded.
Robin hits you but does no damage. The goblin hits you with a +0 war axe.
You closely miss the goblin. Robin hits you with a +5 club.
* * * LOW HITPOINT WARNING * * *
The goblin barely misses you.
It was a potion of heal wounds.
You feel much better. Robin hits you with a +5 club!
The goblin barely misses you.
It was a potion of attraction.
You feel attractive to monsters. Robin hits you with a +5 club.
The goblin hits you with a +0 war axe.
* * * LOW HITPOINT WARNING * * *
You hit the goblin but do no damage. You punch the goblin.
The goblin is moderately wounded.
Robin hits you with a +5 club.
You die...
Robin says, "And that's why I'm the boss."

.# ##### #.# # ...# #.#
#. ###.#######.####
.##.. ...............
......#####.#....##.####
...>.rg@g.))).....#.####
..##..###.#.#)..........
.... .....#....#......
..## #.##)###....##..###
. # #.# ########.# #.#
#.### #.# #######....
#.# #......#.#.
#......#.#.


You could see Robin, a goblin (strong) and a rat.

Vanquished Creatures
  2 adders (D:2)
  4 endoplasms (D:1)
  A giant cockroach (D:2)
  8 goblins
  6 hobgoblins (D:2)
  5 jackals (D:2)
  6 kobolds
  4 quokkas (D:2)
  4 ball pythons (D:1)
  3 bats
  4 frilled lizards
  4 rats
51 creatures vanquished.

Vanquished Creatures (others)
  201 foxfires
201 creatures vanquished.

Grand Total: 252 creatures vanquished

Notes
Turn   | Place    | Note
-------+----------+-------------------------------------------
     0 | D:1      | retardedninja the Gargoyle Fire Elementalist began the
                  | quest for the Orb.
     0 | D:1      | Reached XP level 1. HP: 10/10 MP: 3/3
   241 | D:1      | Found a faded altar of an unknown god.
   307 | D:1      | Reached XP level 2. HP: 9/15 MP: 0/5
  1245 | D:2      | Reached XP level 3. HP: 20/20 MP: 3/6
  1289 | D:2      | Reached skill level 1 in Fighting
  1436 | D:2      | Noticed Robin
  1743 | D:2      | Learned a level 2 spell: Scorch
  1747 | D:2      | Reached skill level 1 in Air Magic
  1747 | D:2      | Reached XP level 4. HP: 23/25 MP: 4/7
  2283 | D:2      | Slain by Robin

Illustrated notes

Levels and vault maps discovered:
D:1:      dpeg_arrival_arbitrary_c, layout_basic,
          chequers_ecumenical_altar_twisty
D:2:      layout_basic, uniq_robin

Skill      XL: |  1  2  3 |
---------------+----------+-----
Fighting       | 1 |  1.6
Conjurations   | 2 |  2.0
Air Magic      | 1 |  1.1
Dodging        | |  1.6
Stealth        | |  2.2
Spellcasting   | |  2.5
Fire Magic     | |  3.4

Action                     |  1- 3 |  4- 6 || total
---------------------------+-------+-------++-------
  Melee: Unarmed           |    29 |     5 ||    34
         Punch             |       |     1 ||     1
   Cast: Foxfire           |    81 |    35 ||   116
    Use: Potion            |       |     2 ||     2
 Armour: Robe              |    33 |    16 ||    49
  Dodge: Dodged            |    48 |     7 ||    55

Table legend: (Time is in decaauts)
 A = Elapsed time spent in this place.
 B = Non-inter-level travel time spent in this place.
 C = Inter-level travel time spent in this place.
 D = Time resting spent in this place.
 E = Time spent auto-exploring this place.
 F = Levels seen in this place.
 G = Mean time per level.
                   A        B        C        D        E       F      G
               +--------+--------+--------+--------+--------+-----+--------+
         Total |   2283 |   2272 |     11 |    148 |   1707 |   2 | 1141.5 |
       Dungeon |   2283 |   2272 |     11 |    148 |   1707 |   2 | 1141.5 |
               +--------+--------+--------+--------+--------+-----+--------+

Top non-repeatable levels by time:
     D:1: 1297 daAuts
     D:2: 986 daAuts
